 Dungeon Crawl Stone Soup version 0.30-a0-782-ge64f9170bb (console) character file.

Game seed: 8192368427967221404

2197 utis the Ducker (level 9, -1/52 HPs)
             Began as a Tengu Wanderer on Feb 26, 2023.
             Slain by a shadow (24 damage)
             ... on level 5 of the Dungeon.
             The game lasted 00:36:44 (7734 turns).

utis the Ducker (Tengu Wanderer)                    Turns: 7734, Time: 00:36:44

Health: -1/52      AC:  7    Str: 14    XL:     9   Next: 34%
Magic:  11/11      EV: 14    Int: 13    God:
Gold:   399        SH:  0    Dex: 16    Spells: 3/10 levels left

rFire   . . .      SeeInvis .    B - +0 trident
rCold   . . .      Faith    .    h - orb {mayhem}
rNeg    . . .      Spirit   .    i - +0 scale mail
rPois   .          Reflect  .    (helmet restricted)
rElec   .          Harm     .    (no cloak)
rCorr   +          Rampage  .    Q - +0 pair of gloves
Will    +....                    (boots unavailable)
Stlth   +                        g - amulet of regeneration {@e1}
HPRegen 1.08/turn                j - ring of willpower
MPRegen 0.12/turn                D - ring of resist corrosion

@: flying quickly and evasively, quick
A: beak, talons 3, nimble flight
a: no special abilities


You were on level 5 of the Dungeon.
You visited 1 branch of the dungeon, and saw 7 of its levels.

You collected 399 gold pieces.

Inventory:

Hand Weapons
 a - a +2 spear of pain
 b - the +4 dagger "Orb Guardian's Curse" {freeze, Will+}
   (You found it on level 4 of the Dungeon)

   Will:      It increases your willpower.
 d - a +0 halberd
 m - a +0 falchion
 t - a +0 quarterstaff
 B - a +0 trident (weapon)
 K - a +1 whip of pain
 L - a +2 dagger of venom
Missiles
 p - 42 stones (quivered)
 u - 19 poisoned darts
 H - 6 boomerangs
 J - a curare-tipped dart {=f}
Armour
 h - an orb of mayhem (worn)
 i - a +0 scale mail (worn)
 s - a +0 ring mail
 w - a +0 buckler
 O - a +0 chain mail
 Q - a +0 pair of gloves (worn)
Jewellery
 g - an amulet of regeneration (around neck) {@e1}
 j - a ring of willpower (left hand)
 D - a ring of resist corrosion (right hand)
 E - a +5 ring of evasion
 F - a ring of fire
 I - a +6 ring of intelligence
Wands
 y - a wand of paralysis (12)
 P - a wand of flame (24)
Scrolls
 e - a scroll of enchant armour {unknown}
 n - a scroll of magic mapping {unknown}
 o - 2 scrolls of blinking
 q - a scroll of noise {unknown}
 r - 2 scrolls of brand weapon
 x - a scroll of immolation
 A - a scroll of fear {unknown}
 G - 2 scrolls of fog
 M - a scroll of acquirement
 N - 2 scrolls of torment {unknown}
Potions
 c - a potion of brilliance {unknown}
 f - 3 potions of cancellation
 k - a potion of heal wounds {@q2}
 l - 3 potions of flight
 v - 4 potions of curing {@q1}
 z - a potion of lignification
 C - a potion of attraction
 R - a potion of experience {unknown}
 S - a potion of magic {unknown}


   Skills:
 - Level 4.0 Fighting
 - Level 3.3 Long Blades
 + Level 3.5 Polearms
 - Level 2.0 Throwing
 - Level 7.0 Dodging
 - Level 2.0 Stealth
 - Level 1.0 Spellcasting
 + Level 4.9 Necromancy
 - Level 3.0 Transmutations
 - Level 2.0 Earth Magic
 - Level 1.0 Invocations
 - Level 5.0 Evocations


You had 3 spell levels left.
You knew the following spells:

 Your Spells              Type           Power      Damage    Failure   Level
n - Animate Dead          Necr           13%        N/A       86%         4
w - Passwall              Tmut/Erth      5%         N/A       56%         2
z - Sandblast             Erth           10%        2d5       50%         1

Your spell library contained the following spells:

 Spells                   Type           Power      Damage    Failure   Level
 Ensorcelled Hibernation  Hex/Ice        0%         N/A       88%         2
 Stone Arrow              Conj/Erth      6%         3d7       94%         3
 Hailstorm                Conj/Ice       0%         3d3       98%         3
 Swiftness                Air            0%         N/A       98%         3
 Ice Form                 Ice/Tmut       4%         N/A       100%        4
 Leda's Liquefaction      Hex/Erth       1%         N/A       100%        4
 Borgnjor's Vile Clutch   Necr/Erth      4%         N/A       100%        5
 Death Channel            Necr           6%         N/A       100%        6
 Simulacrum               Ice/Necr       3%         N/A       100%        6


Dungeon Overview and Level Annotations

Branches:
Dungeon (7/15)             Temple (0/1) D:7

Altars:
Cheibriados
Nemelex Xobeh
Ru
Sif Muna
Uskayaw
Vehumet
Wu Jian
Xom

Annotations:
D:4 3 runed translucent doors, Stil's ghost, amateur DsAE
D:5 3 runed translucent doors, pener's ghost, amateur MiFi
D:7 Maggie


Innate Abilities, Weirdness & Mutations

You have a beak for a mouth.
You have claws for feet.
Your magical nature lets you fly swiftly and evasively.


Message History

Press: ? - help, v - describe, . - travel
Here: a shadow The floor.
B - a +0 trident (weapon)
The shadow hits you!
* * * LOW HITPOINT WARNING * * *
You hit the shadow but do no damage. You claw the shadow, but do no damage.
You peck the shadow, but do no damage. The shadow misses you.
This is a scroll of acquirement!
Something appears before you! The shadow hits you!
* * * LOW HITPOINT WARNING * * *
You feel much better. The shadow barely misses you.
You closely miss the shadow. Your kick misses the shadow.
The shadow misses you.
You closely miss the shadow. You claw the shadow, but do no damage.
Your peck misses the shadow.
The shadow slips into darkness.
The shadow flickers and vanishes!
Deactivating autopickup; reactivate with Ctrl-A.
The shadow strikes at you from the darkness!
* * * LOW HITPOINT WARNING * * *
Reactivating autopickup.
The shadow slips into darkness.
The shadow flickers and vanishes!
Deactivating autopickup; reactivate with Ctrl-A.
There is an open door here.
As you close the door, it creaks loudly!
Something unseen opens the door.
There is a stone staircase leading up here.
The shadow strikes at you from the darkness!
* * * LOW HITPOINT WARNING * * *
Reactivating autopickup.
You fly upwards.
Level annotation: 3 runed translucent doors, pener's ghost, amateur MiFi
There is a stone staircase leading down here.
Enter note: fuck The shadow slips into darkness.
The shadow flickers and vanishes!
Deactivating autopickup; reactivate with Ctrl-A.
The shadow strikes at you from the darkness!
You die...

░...░ ░...░░o..n░...░░░..░░░..░░
░...░░░░░...░...░░░......░░░░....
...............░░ ░░......░......
...............░ ░..░░░░....░░░.
...░░░░░......░░ ░░..░ ░...░░ ░.
..░░ ░░░░..░░ ░...░░░░..░░ ░.
..░░ ░░░.░░░░░..░░░.....░░ ░.
.).░ ░░░░...............░...░░░.
...░░░░........{Q......░░░░...░..
.........░░░░.░░░░░....░░ ░._....
......░░░░ ░.░░ ░░....░ ░......
....░░░ ░░..░░░ ░░...░░░......
.....░ ░░░.....░░░░.....░......
..░..░ ░░░.....>..............░..
░░░░.░░░....................░.░.░
░ ░...........░░░░..............
░.....░░░...░░ ░░.....░.▒▒▒▒▒▒


There were no monsters in sight!

Vanquished Creatures
  Sigmund (D:4)
  Duvessa (D:7)
  4 water moccasins
  An ice beast (D:7)
  2 ogres
  A kobold brigand (D:7)
  2 necrophages
  A gnoll sergeant (D:4)
  2 scorpions
  Dowan (D:7)
  4 howler monkeys
  3 orc priests
  2 hounds
  3 iguanas
  Natasha (thrice) (D:4 D:3)
  2 orc wizards
  A mummy (D:5)
  9 gnolls
  7 adders
  A shadow imp (D:4)
  A white imp (D:6)
  An ufetubus (D:5)
  A worm (D:6)
  A dart slug (D:3)
  16 orcs
  14 endoplasms
  5 giant cockroaches
  7 goblins
  2 hobgoblins
  4 jackals (D:1)
  6 quokkas
  15 ball pythons
  6 bats
  2 frilled lizards (D:1)
  12 kobolds
  A kobold zombie (D:5)
  3 orc zombies (D:5)
  7 rats
  A butterfly (D:5)
156 creatures vanquished.

Vanquished Creatures (collateral kills)
  2 gnolls
  2 orcs
  A giant cockroach (D:3)
5 creatures vanquished.

Vanquished Creatures (others)
  A gnoll (D:3)
  31 plants (D:7)
32 creatures vanquished.

Grand Total: 193 creatures vanquished

Notes
Turn   | Place    | Note
-------+----------+-------------------------------------------
     0 | D:1      | utis the Tengu Wanderer began the quest for the Orb.
     0 | D:1      | utis set off with the following items: a +0 falchion, 12
                  | poisoned darts, a +0 dagger, a scroll of fog, a +0 robe;
                  | and the following spell memorised: Sandblast; and the
                  | following spells available to memorise: Passwall, Leda's
                  | Liquefaction.
     0 | D:1      | Reached XP level 1. HP: 12/12 MP: 3/3
     0 | D:1      | ugh
   181 | D:1      | Reached XP level 2. HP: 16/16 MP: 4/4
   205 | D:1      | Reached skill level 1 in Dodging
   269 | D:1      | Reached skill level 1 in Stealth
   554 | D:1      | Found a faded altar of an unknown god.
   571 | D:1      | Reached XP level 3. HP: 20/20 MP: 5/5
  1163 | D:2      | Reached skill level 2 in Dodging
  1177 | D:2      | Reached XP level 4. HP: 25/25 MP: 6/6
  1402 | D:2      | Learned a level 2 spell: Passwall
  2118 | D:3      | Found an ornate altar of the Wu Jian Council.
  2364 | D:3      | Gained mutation: Your magical nature lets you fly swiftly
                  | and evasively. [Tengu growth]
  2364 | D:3      | Reached XP level 5. HP: 30/30 MP: 7/7
  2767 | D:4      | Found a runed translucent gate.
  2767 | D:4      | Found a runed translucent gate.
  2767 | D:4      | Found a runed translucent gate.
  2767 | D:4      | Noticed Stil's ghost (amateur DsAE)
  2825 | D:4      | Noticed Natasha
  2957 | D:4      | Killed Natasha
  2958 | D:4      | Reached XP level 6. HP: 30/35 MP: 8/8
  2973 | D:4      | Noticed Natasha
  2986 | D:4      | Killed Natasha
  3035 | D:4      | Noticed Sigmund
  3046 | D:4      | shit
  3052 | D:4      | Noticed Natasha
  3064 | D:3      | Killed Natasha
  3205 | D:4      | Killed Sigmund
  3206 | D:4      | Reached skill level 5 in Evocations
  3206 | D:4      | Reached skill level 3 in Dodging
  3206 | D:4      | Reached XP level 7. HP: 40/40 MP: 9/9
  3317 | D:4      | Found a hide-covered altar of Uskayaw.
  3650 | D:4      | Identified the +4 dagger "Orb Guardian's Curse" {freeze,
                  | Will+}
  3757 | D:4      | Found a sacrificial altar of Ru.
  3920 | D:5      | Entered Level 5 of the Dungeon
  3984 | D:5      | Reached skill level 4 in Dodging
  4030 | D:5      | Found a shimmering blue altar of Sif Muna.
  4050 | D:5      | Reached skill level 5 in Dodging
  4269 | D:4      | wow
  4309 | D:5      | Reached XP level 8. HP: 46/46 MP: 10/10
  4410 | D:5      | Found a shimmering altar of Xom.
  4449 | D:4      | Reached skill level 6 in Dodging
  4896 | D:5      | Reached skill level 7 in Dodging
  5243 | D:5      | Found a sparkling altar of Nemelex Xobeh.
  5333 | D:5      | Found a runed translucent gate.
  5333 | D:5      | Found a runed translucent gate.
  5333 | D:5      | Found a runed translucent gate.
  5334 | D:5      | Noticed pener's ghost (amateur MiFi)
  5339 | D:5      | Identified the +3 chain mail of Lojink {Fly rC+}
  5893 | D:6      | Reached skill level 1 in Transmutations
  5980 | D:6      | Learned a level 4 spell: Animate Dead
  6010 | D:6      | Found a snail-covered altar of Cheibriados.
  6126 | D:6      | Found a radiant altar of Vehumet.
  6340 | D:6      | Reached skill level 1 in Necromancy
  7158 | D:7      | Reached XP level 9. HP: 49/52 MP: 11/11
  7173 | D:7      | Identified the +4 ring mail of Orthodoxy {-Cast Will++
                  | SInv}
  7255 | D:7      | Reached skill level 1 in Polearms
  7352 | D:7      | Noticed Maggie
  7480 | D:7      | Noticed Duvessa
  7506 | D:7      | Killed Duvessa
  7506 | D:7      | Noticed Dowan
  7511 | D:7      | Killed Dowan
  7622 | D:7      | Found a staircase to the Ecumenical Temple.
  7712 | D:6      | Identified 2 scrolls of acquirement
  7712 | D:6      | Acquired the ring of the Mage {Wiz Archmagi}
  7712 | D:6      | Found the ring of the Mage {Wiz Archmagi}
  7728 | D:5      | fuck
  7734 | D:5      | Slain by a shadow

Illustrated notes ░░░░.░░░░ ▓░.......░▓ ▓░.........░▓ ░░...........░░ ░.............░ ░.............░ ░.............░ .......Q....... ░....€.!......░ ░.............░ ░.............░ ░░...........░░ ▓░.........░▓ ▓░.......░▓ ░░░░.░░░░ Turn 0 on D:1: ugh ░...░...░ ░.. ░.░...░.░░░░ ░.. ░..........░ ░░░░░.. ░░░░░░░░..░░░░.░ ...............░..░░░░.░ .. .<................░..... .......... ...[...░..).░░.░ ..░░░...{░░░..░░░░.......░ ░.. ░..░Q..░.░ ░.░░.░░░░ ░.⌠.░..░.⌠.░.░ ░.░░.░░.. ░...░~~░...░.░ ░.......░ ░.~░░░≈≈≈≈░░░~.░ ░.░░..... ...~≈≈≈≈≈≈≈≈≈..░░ ░.░░.░░.. ░..~≈≈≈≈≈≈≈≈~...░░░....░░.. ..~░░░≈≈≈≈░░░~...░░.░░░░░.. ➘.░...░~~░...░.░.░░.░░░░░.. ░.⌠.░..░.⌠.░............. Turn 3046 on D:4: shit ░░░.......░.....░░.......░ ░.░░.░░░░░░░░░░░.░░░░..░ ░.░░.░░.....).░░.░░░░..░ ░.......░░░░░.░░.░░....░ ░.░░.......░░<░░.░░.░░.░ ░ ░.░░.░░....)...░.░░.░░.░ ░░░....░░..░.░░..░.......░ .░░.░░░░░.............░░░░ .░░.░░░░░..░..░░Q░░░░░░ ...........░░░░░.░ ░░.░░░░░░░.░░░░░.░ ░.░ ░.......░ ░.░ ░░░░░░░░░ ░.░ ░.░ ░░.░░░░ ......░ Turn 4269 on D:4: wow

...░░ ░░░░..░░ ░...░░░░..░░ ░
...░░ ░░░.░░░░░..░░░.....░░ ░
..).░ ░░░░...............░...░░░
....░░░░................░░░░...░.
..........░░░░.░░░░░....░░ ░._...
.......░░░░ ░.░░ ░░....░ ░.....
.....░░░ ░░..░░░ ░░...░░░.....
......░ ░░░.....░░░░.....░.....
...░..░ ░░░.....Q..............░.
.░░░░.░░░.......W............░.░.
░░ ░...........░░░░.............
░ ░.....░░░...░░ ░░.....░.▒▒▒▒▒
░░............░ ░.....░.▒..▒.
░░.............░ ░░...<.░....▒.
░░░.....░░░░.....░░░...........▒.
........░░ ░░░....░..^...░░.▒....
.........░ ░..............▒▒▒▒▒


Turn 7728 on D:5: fuck

Levels and vault maps discovered:
D:1:      psy_arrival_dodecagon, layout_basic,
          hellmonk_ecumenical_altar_pennies_from_heaven
D:2:      layout_basic
D:3:      layout_basic, nicolae_wu_jian_immortal_techniques
D:4:      layout_loops_cross, nicolae_ru_awakened_eye,
          nicolae_uskayaw_murder_on_the_dancefloor, ebering_ghost_rock_garden,
          fountainhead, uniq_sigmund, uniq_natasha
D:5:      layout_layer_cave, general_overflow_altar,
          mainiacjoe_overflow_alcove_4, xom_butterflies,
          biasface_ghost_orc_armoury, minmay_mini_ossuary
D:6:      layout_loops_corners, cheibrodos_worm_habitat, vehumet_altar_wand_db
D:7:      kennysheep_housing_project, layout_loops_corners,
          lightli_temple_of_fire, minmay_temple_entry_ruins, minmay_three_doors,
          uniq_maggie, uniq_duvessa

Skill      XL: |  1  2  3  4  5  6  7  8  9 |
---------------+----------------------------+-----
Dodging        | 1 2 3 5 7 |  7.0
Stealth        | 1 2 |  2.0
Throwing       | 2 |  2.0
Fighting       | 2 3 4 |  4.0
Evocations     | 2 3 5 |  5.0
Transmutations | 2 3 |  3.0
Earth Magic    | 2 |  2.0
Necromancy     | 3 4 |  4.9
Polearms       | 3 |  3.5
Long Blades    | |  3.3
Spellcasting   | |  1.0
Invocations    | |  1.0

Action                     |  1- 3 |  4- 6 |  7- 9 || total
---------------------------+-------+-------+-------++-------
  Melee: Falchion          |    48 |       |       ||    48
         Kick              |    16 |    21 |   101 ||   138
         Peck              |     4 |    14 |    67 ||    85
         Dagger            |    39 |   102 |   196 ||   337
         Punch             |     1 |       |       ||     1
         Trident           |       |       |    29 ||    29
         Spear             |       |       |    67 ||    67
  Throw: Stone             |     7 |    13 |     6 ||    26
         Dart              |     1 |    13 |    17 ||    31
         Boomerang         |       |       |     1 ||     1
  Evoke: Wand              |       |       |     2 ||     2
    Use: Scroll            |       |     3 |     7 ||    10
         Potion            |       |       |     1 ||     1
   Stab: Sleeping          |     4 |     1 |       ||     5
         Paralysed         |       |       |     2 ||     2
 Armour: Leather armour    |    21 |     2 |       ||    23
         Ring mail         |       |    17 |    30 ||    47
         Scale mail        |       |       |    19 ||    19
  Dodge: Dodged            |    41 |    45 |   203 ||   289

Table legend: (Time is in decaauts)
 A = Elapsed time spent in this place.
 B = Non-inter-level travel time spent in this place.
 C = Inter-level travel time spent in this place.
 D = Time resting spent in this place.
 E = Time spent auto-exploring this place.
 F = Levels seen in this place.
 G = Mean time per level.
                   A        B        C        D        E       F      G
               +--------+--------+--------+--------+--------+-----+--------+
         Total |   7334 |   6912 |    422 |    813 |   4174 |   7 | 1047.7 |
       Dungeon |   7334 |   6912 |    422 |    813 |   4174 |   7 | 1047.7 |
               +--------+--------+--------+--------+--------+-----+--------+

Top non-repeatable levels by time:
     D:5: 1562 daAuts
     D:4: 1357 daAuts
     D:3: 1150 daAuts
     D:6: 966 daAuts
     D:1: 930 daAuts
     D:2: 733 daAuts
     D:7: 634 daAuts
